 Dungeon Crawl Stone Soup version 0.29.0-11-gd7f09526c8 (webtiles) character file.

Game seed: 2545857009404088455

9026 greasedhog the Unseen (level 11, -7/126 HPs)
             Began as a Vampire Abyssal Knight on Sept 2, 2022.
             Was a High Priest of Lugonu.
             Mangled by a cane toad (12 damage)
             ... on level 1 of the Lair of Beasts.
             The game lasted 00:16:17 (9561 turns).

greasedhog the Unseen (Vampire Abyssal Knight)      Turns: 9561, Time: 00:16:18

Health: -7/126     AC:  7    Str: 14    XL:     11   Next: 17%
Magic:  14/14      EV: 14    Int: 13    God:    Lugonu [*****.]
Gold:   484        SH:  4    Dex: 19    Spells: 10/10 levels left

rFire   . . .      SeeInvis +   c - +3 quick blade "Ytug" {protect, rPois Str+2 SInv}
rCold   + . .      Faith    .   h - +0 buckler
rNeg    + . .      Spirit   .   E - +2 leather armour {rC+}
rPois   +          Reflect  .   f - +0 helmet
rElec   .          Harm     .   b - +0 cloak
rCorr   .          Rampage  .   (no gloves)
Will    +....                   (no boots)
Stlth   ..........              (no amulet)
HPRegen 0.51/turn               B - ring of positive energy
MPRegen 0.14/turn               (no ring)

@: berserking, healing quickly, very quick
A: alive, fangs 3, see invisible, vampiric 2
a: Exsanguinate, Renounce Religion, Depart the Abyss, Bend Space, Banish,
Corrupt, Enter the Abyss


You were on level 1 of the Lair of Beasts.
You worshipped Lugonu.
Lugonu was extremely pleased with you.
You visited 4 branches of the dungeon, and saw 12 of its levels.
You visited the Abyss 1 time.
You also visited: Ossuary.

You collected 506 gold pieces.
You spent 22 gold pieces at shops.

Inventory:

Hand Weapons
 c - the +3 quick blade "Ytug" (weapon) {protect, rPois Str+2 SInv}
   (You acquired it on level 2 of the Dungeon)

   It grants its wielder temporary protection when it strikes (+7 to AC).
   Str:       It affects your strength (+2).
   rPois:     It protects you from poison.
   SInv:      It lets you see invisible.
 p - a +2 rapier of venom
 r - a +2 dagger of electrocution
Missiles
 i - 2 throwing nets
Armour
 b - a +0 cloak (worn)
 f - a +0 helmet (worn)
 h - a +0 buckler (worn)
 E - a +2 leather armour of cold resistance (worn)
Jewellery
 B - a ring of positive energy (left hand)
Wands
 v - a wand of iceblast (11)
 x - a wand of flame (12)
 y - a wand of polymorph (12)
 D - a wand of paralysis (9)
Scrolls
 a - 3 scrolls of torment
 d - 4 scrolls of immolation
 j - 2 scrolls of teleportation
 m - 3 scrolls of enchant weapon
 o - 2 scrolls of enchant armour
 q - 2 scrolls of poison
 w - a scroll of brand weapon {unknown}
 C - 4 scrolls of identify
 F - a scroll of magic mapping {unknown}
Potions
 e - a potion of cancellation {unknown}
 g - 3 potions of berserk rage
 k - 2 potions of haste {unknown}
 l - 5 potions of curing
 n - 4 potions of lignification
 s - 4 potions of mutation {unknown}
 t - 2 potions of flight {unknown}
 u - 5 potions of heal wounds {unknown}
 z - 5 potions of attraction {unknown}
 A - 2 potions of might {unknown}


   Skills:
 * Level 7.3 Fighting
 - Level 8.3 Short Blades
 - Level 0.7 Armour
 - Level 5.0 Dodging
 * Level 18.4 Stealth
 - Level 5.0 Invocations


You had 10 spell levels left.
You didn't know any spells.
Your spell library contained the following spells:

 Spells                   Type           Power      Damage    Failure   Level
 Apportation              Tloc           0%         N/A       47%         1
 Sandblast                Erth           0%         2d4       47%         1
 Passwall                 Tmut/Erth      0%         N/A       63%         2
 Sublimation of Blood     Necr           0%         N/A       63%         2
 Wereblood                Tmut           0%         N/A       63%         2
 Gell's Gravitas          Tloc           0%         N/A       85%         3
 Ozocubu's Armour         Ice            0%         N/A       85%         3
 Stone Arrow              Conj/Erth      0%         3d7       85%         3
 Teleport Other           Tloc           0%         N/A       85%         3
 Alistair's Intoxication  Tmut/Pois      0%         N/A       100%        5
 Dispersal                Tloc           0%         N/A       100%        6
 Ozocubu's Refrigeration  Ice            0%         4d7       100%        7
 Summon Hydra             Summ           0%         N/A       100%        7


Dungeon Overview and Level Annotations

Branches:
Dungeon (9/15)             Temple (1/1) D:7            Lair (1/5) D:8
    Orc (1/2) D:9         Ossuary (visited)

Altars:
Cheibriados
Hepliaklqana
Makhleb
Okawaru
Qazlal
Trog
Vehumet
Xom

Shops:
D:1 (   D:2 ?   D:3 =**(   D:6 (

Annotations:
D:4 2 transporters, freelancePsychic's ghost, weakling DgDe
D:6 2 runed translucent doors, miserystealer's ghost, novice MeMo


Innate Abilities, Weirdness & Mutations

Your natural rate of healing is accelerated.
You have razor-sharp teeth.
You have supernaturally acute eyesight. (SInv)
You are afflicted with vampirism and can become a bat while bloodless.


Message History

No target in view!
No target in view!
No target in view!
No target in view!
No target in view!
No target in view!
No target in view!
No target in view!
No target in view!
No target in view!
a - 3 scrolls of torment (gained 1)
s - 4 lumpy grey potions (gained 2)
You pick up a book of Party Tricks and begin reading...
You add the spells Apportation and Alistair's Intoxication to your library.
D - a wand of paralysis (9) (gained 5 charges)
You now have 484 gold pieces (gained 12).
A five-headed hydra comes into view.
A five-headed hydra is nearby!
A cane toad comes into view.
A komodo dragon comes into view.
Found 19 gold pieces.
The helpless five-headed hydra fails to defend itself.
You skewer the five-headed hydra like a kebab!!!!
Your weapon exudes an aura of protection.
You kill the five-headed hydra!
Lugonu accepts your kill. The komodo dragon closely misses you.
The komodo dragon bites you! The komodo dragon bites you!!
The cane toad croaks.
The komodo dragon attacks as you move away!
The komodo dragon bites you!! The cane toad misses you.
You closely miss the cane toad. The komodo dragon bites you!!
* * * LOW HITPOINT WARNING * * *
Unknown command.
Okay, then.
A red film seems to cover your vision as you go berserk!
You feel yourself moving faster!
You feel mighty! The cane toad closely misses you. The cane toad stings you!
You die...

##.### #..## .....#
#...# ..#..# ##..##
.###.########P..#
................###
...........###P.#P#
..)...##..........#
.....###...#......#
..##.#.....#...l@F#
..##..............#
########...#......#
#...#.$....#
#...##P##.##
#...#####.# #. ..#
.##


You could see a komodo dragon and a cane toad.

Vanquished Creatures
  A hydra (Lair:1)
  An orc sorcerer (Orc:1)
  Maurice (D:8)
  A cane toad (Lair:1)
  2 wyverns (D:7)
  A wraith (D:9)
  A basilisk (Lair:1)
  11 yaks
  3 steam dragons
  Menkaure (D:4)
  3 wargs
  4 water moccasins
  3 orc warriors
  3 ice beasts (D:6)
  2 sky beasts
  2 black bears
  An ogre (D:5)
  3 centaurs
  A phantom (D:6)
  3 kobold brigands
  2 bullfrogs
  2 gnoll sergeants
  A necrophage (D:5)
  9 scorpions (Ossuary)
  6 wights (D:9)
  9 killer bees
  An electric eel (Lair:1)
  3 centaur zombies (Ossuary)
  A crimson imp (D:6)
  3 human zombies (Ossuary)
  3 hounds
  4 orc priests
  A scorpion zombie (Ossuary)
  An iguana (D:5)
  2 orc wizards (D:8)
  3 mummies (Ossuary)
  9 gnolls
  11 adders
  A shadow imp (D:6)
  2 white imps
  A dart slug (D:3)
  26 orcs
  9 ball pythons
  13 endoplasms
  4 giant cockroaches
  2 gnoll zombies (Ossuary)
  5 goblins
  6 hobgoblins
  3 jackals (D:2)
  21 kobolds
  2 quokkas
  3 bats
  7 frilled lizards
  6 goblin zombies (Ossuary)
  2 hobgoblin zombies (Ossuary)
  A kobold zombie (Ossuary)
  2 orc zombies (Ossuary)
  8 rats
243 creatures vanquished.

Vanquished Creatures (others)
  2 kobolds (D:8)
  5 fungi (Lair:1)
  2 plants (Lair:1)
9 creatures vanquished.

Grand Total: 252 creatures vanquished

Notes
Turn   | Place    | Note
-------+----------+-------------------------------------------
     0 | Abyss:1  | greasedhog the Vampire Abyssal Knight began the quest for
                  | the Orb.
     0 | Abyss:1  | Reached XP level 1. HP: 17/17 MP: 2/2
     1 | D:1      | Escaped the Abyss
   100 | D:1      | Found Raw Cigu's Weapon Boutique.
   107 | D:1      | Reached skill level 1 in Stealth
   124 | D:1      | Reached XP level 2. HP: 7/23 MP: 3/3
   230 | D:1      | Reached skill level 2 in Stealth
   534 | D:1      | Reached *** piety under Lugonu
   853 | D:2      | Reached skill level 3 in Stealth
   898 | D:2      | Gained mutation: You are afflicted with vampirism and can
                  | become a bat while bloodless. [Vampire growth]
   898 | D:2      | Reached XP level 3. HP: 24/28 MP: 4/4
  1042 | D:2      | Found Buero's Magic Scroll Shop.
  1054 | D:2      | Bought a scroll of identify for 22 gold pieces
  1054 | D:2      | Identified a scroll of acquirement
  1055 | D:2      | Acquired the +3 quick blade "Ytug" {protect, rPois Str+2
                  | SInv}
  1533 | D:3      | Reached skill level 4 in Stealth
  1533 | D:3      | Reached XP level 4. HP: 32/34 MP: 5/5
  1563 | D:3      | Found Atiugeif's Jewellery Emporium.
  1674 | D:3      | Found Ilaasa Geuh's General Store.
  1859 | D:3      | Found Qohosk's Weapon Boutique.
  1878 | D:3      | Found Huledyat's Assorted Antiques.
  1892 | D:3      | Reached **** piety under Lugonu
  1917 | D:3      | Found a bloodstained altar of Trog.
  1980 | D:3      | Found a stormy altar of Qazlal.
  2022 | D:3      | Found an iron altar of Okawaru.
  2122 | D:4      | Reached skill level 5 in Stealth
  2187 | D:4      | Reached XP level 5. HP: 39/39 MP: 6/6
  2224 | D:4      | Noticed Menkaure
  2234 | D:4      | Killed Menkaure
  2235 | D:4      | Reached skill level 5 in Short Blades
  2235 | D:4      | Reached skill level 6 in Stealth
  2235 | D:4      | Reached XP level 6. HP: 20/46 MP: 7/7
  2364 | D:4      | Found a transporter.
  2369 | D:4      | Found a transporter.
  2369 | D:4      | Noticed freelancePsychic's ghost (weakling DgDe)
  2642 | D:4      | Reached skill level 7 in Stealth
  2741 | D:5      | Entered Level 5 of the Dungeon
  3082 | D:5      | Reached skill level 8 in Stealth
  3420 | D:5      | Noticed an orc warrior
  3448 | D:5      | Reached XP level 7. HP: 42/51 MP: 8/8
  3725 | D:5      | Reached skill level 9 in Stealth
  3950 | D:6      | Found a burning altar of Makhleb.
  3950 | D:6      | Found a shimmering altar of Xom.
  4041 | D:6      | Found a sand-covered staircase.
  4050 | Ossuary  | Entered an ossuary
  4155 | Ossuary  | Reached ***** piety under Lugonu
  4156 | Ossuary  | Reached skill level 10 in Stealth
  4161 | Ossuary  | Reached XP level 8. HP: 52/57 MP: 9/9
  4411 | Ossuary  | Reached skill level 11 in Stealth
  4649 | D:6      | Found Taema's Antique Weapon Emporium.
  4668 | D:6      | Reached skill level 12 in Stealth
  4860 | D:6      | Found a radiant altar of Vehumet.
  4916 | D:6      | Reached XP level 9. HP: 66/66 MP: 10/10
  4923 | D:6      | Found a large runed translucent door.
  4926 | D:6      | Found a large runed translucent door.
  5073 | D:6      | Noticed miserystealer's ghost (novice MeMo)
  5145 | D:7      | Reached skill level 5 in Fighting
  5145 | D:7      | Reached skill level 13 in Stealth
  5709 | D:7      | Found a staircase to the Ecumenical Temple.
  5718 | Temple   | Entered the Ecumenical Temple
  5880 | D:8      | Found a staircase to the Lair.
  5885 | D:8      | Reached skill level 14 in Stealth
  6091 | D:8      | Noticed Maurice
  6576 | D:8      | Reached skill level 15 in Stealth
  6853 | D:8      | Paralysed by an orc for 5 turns
  6868 | D:8      | Paralysed by an orc for 2 turns
  6980 | D:8      | Reached skill level 5 in Invocations
  7141 | D:8      | Reached XP level 10. HP: 74/74 MP: 13/13
  7208 | D:8      | Killed Maurice
  7454 | D:8      | Reached skill level 16 in Stealth
  8043 | D:9      | Reached skill level 5 in Dodging
  8191 | D:9      | Found a staircase to the Orcish Mines.
  8474 | D:9      | Reached skill level 17 in Stealth
  8849 | Orc:1    | Entered Level 1 of the Orcish Mines
  8849 | Orc:1    | Noticed a cyclops
  8849 | Orc:1    | Noticed an orc sorcerer
  8852 | Orc:1    | Killed an orc sorcerer
  9005 | Lair:1   | Entered Level 1 of the Lair of Beasts
  9005 | Lair:1   | Noticed a cane toad
  9007 | Lair:1   | Killed a cane toad
  9206 | Lair:1   | Reached XP level 11. HP: 40/83 MP: 14/14
  9356 | Lair:1   | Reached skill level 18 in Stealth
  9541 | Lair:1   | Noticed a five-headed hydra
  9552 | Lair:1   | Killed a five-headed hydra
  9560 | Lair:1   | HP: 3/84 [komodo dragon (27)]
  9561 | Lair:1   | Mangled by a cane toad

Illustrated notes

Levels and vault maps discovered:
D:1:      lemuel_arrival_behind_the_door_small, layout_loops_ring, serial_shops,
          shop
D:2:      layout_loops_ring, basic_altar, serial_shops, nicolae_shop_crystal,
          kennysheep_generic_room_11
D:3:      layout_rooms, grunt_temple_overflow_open,
          mainiacjoe_overflow_cross_hatched, serial_shops,
          nicolae_shop_hallway_stairs, shop_statue, nicolae_shop_crystal,
          nicolae_shop_advertising_works [nicolae_subvault_shop_adworks],
          minmay_strange_pillars
D:4:      layout_basic, gammafunk_ghost_arena, uniq_menkaure
D:5:      layout_layer_cave, kennysheep_nondescript
D:6:      layout_rooms, grunt_temple_overflow_champion_of_chaos,
          mainiacjoe_overflow_alcove_4, enter_ossuary_3,
          ebering_ghost_disaster_area, serial_shops, shop, grunt_decor_fettered
D:7:      layout_basic, temple_statues, grunt_decor_one_mirror, st_stairs_7
D:8:      layout_cave_pods, erik_lair_orcish_takeover,
          hangedman_decor_diamond_cutter, uniq_maurice
D:9:      layout_loops_ring, david_orc_2, kennysheep_generic_room_6
Temple:   nicolae_temple_superstar
Lair:1:   layout_gridlike, small_statue_intersection, lemuel_fruit_tree
Orc:1:    layout_caves

Skill      XL: |  1  2  3  4  5  6  7  8  9 10 11 |
---------------+----------------------------------+-----
Stealth        | 1 3 4 5 6 8 10 12 15 17 18 | 18.4
Short Blades   | 3 4 5 6 7 8 |  8.3
Fighting       | 4 5 6 7 |  7.3
Invocations    | 5 |  5.0
Dodging        | 5 |  5.0
Armour         | |  0.7

Action                   |  1- 3 |  4- 6 |  7- 9 | 10-12 || total
-------------------------+-------+-------+-------+-------++-------
Melee: Short sword       |   108 |       |       |       ||   108
       Bite              |    17 |    15 |   100 |    77 ||   209
       Punch             |     2 |       |     9 |       ||    11
       Quick blade       |    28 |   154 |   691 |   512 ||  1385
Evoke: Wand              |       |     3 |     5 |     5 ||    13
  Use: Scroll            |     4 |     4 |    11 |       ||    19
       Potion            |       |       |       |     2 ||     2
 Stab: Sleeping          |     7 |    11 |    16 |    13 ||    47
       Distracted        |       |     1 |     1 |     2 ||     4
       Paralysed         |       |       |       |     2 ||     2
Armor: Leather armour    |    39 |    31 |   132 |    71 ||   273
Dodge: Dodged            |    85 |    69 |   176 |   121 ||   451
Block: Buckler           |       |       |    13 |    27 ||    40
